 Dungeon Crawl Stone Soup version 0.21.0 (webtiles) character file.

483 mopl the Slasher (level 7, -3/40 HPs)
             Began as a Tengu Skald on Jan 7, 2018.
             Slain by an orc priest
             ... wielding a +0 trident
              (4 damage)
             ... on level 4 of the Dungeon.
             The game lasted 00:05:11 (3513 turns).

mopl the Slasher (Tengu Skald)                      Turns: 3513, Time: 00:05:12

Health: -3/40      AC:  4    Str: 11    XL:     7   Next: 12%
Magic:  11/11      EV: 12    Int: 13    God:
Gold:   85         SH:  0    Dex: 16    Spells: 2/10 levels left

rFire    . . .     SeeInvis .   a - +0 falchion
rCold    . . .     Gourm    .   (no shield)
rNeg     . . .     Faith    .   b - +0 leather armour
rPois    .         Spirit   .   (helmet restricted)
rElec    .         Reflect  .   x - +0 cloak
rCorr    .         Harm     .   (no gloves)
MR       .....                  (boots unavailable)
Stlth    +.........             t - amulet of rage
HPRegen  0.13/turn              (no ring)
MPRegen  0.12/turn              (no ring)

@: about to teleport, berserk cooldown, slowed, very slow
A: beak, talons 3, able to fly 1
a: Fly, Evoke Berserk Rage


You were on level 4 of the Dungeon.
You were not hungry.

You visited 1 branch of the dungeon, and saw 4 of its levels.

You collected 85 gold pieces.

Inventory:

Hand Weapons
 a - a +0 falchion (weapon)
 v - a +1 dagger of electrocution
 y - a +3 quarterstaff of chaos
Armour
 b - a +0 leather armour (worn)
 k - a +0 buckler
 x - a +0 cloak (worn)
Jewellery
 o - an uncursed amulet of magic regeneration
 t - an amulet of rage (around neck)
Scrolls
 e - a scroll of fog {unknown}
 g - 2 scrolls of teleportation
 h - 2 scrolls of remove curse
 i - a scroll of random uselessness {unknown}
 p - a scroll of magic mapping {unknown}
 q - a scroll of amnesia {unknown}
 r - a scroll of enchant weapon {unknown}
 A - a scroll of fear {unknown}
 B - a scroll of enchant armour {unknown}
Potions
 f - 2 potions of curing
 j - a potion of degeneration {unknown}
 l - a potion of mutation {!q}
 m - 2 potions of might
 n - a potion of agility
 s - a potion of brilliance
 u - a potion of heal wounds {unknown}
Books
 c - a book of Battle

   Spells                             Type                      Level
   a - Infusion                       Charms                       1
   b - Shroud of Golubria             Charms/Translocation         2
   c - Song of Slaying                Charms                       2
   d - Spectral Weapon                Hexes/Charms                 3
   e - Regeneration                   Charms/Necromancy            3
 z - a book of Minor Magic

   Spells                             Type                      Level
   a - Magic Dart                     Conjuration                  1
   b - Blink                          Translocation                2
   c - Call Imp                       Summoning                    2
   d - Slow                           Hexes                        2
   e - Conjure Flame                  Conjuration/Fire             3
   f - Mephitic Cloud                 Conjuration/Poison/Air       3
Comestibles
 d - 8 rations
 w - a chunk of flesh


   Skills:
 - Level 2.0 Fighting
 * Level 6.8 Long Blades
 - Level 1.1 Armour
 - Level 2.1 Dodging
 - Level 2.0 Spellcasting
 + Level 4.2 Charms


You had 2 spell levels left.
You knew the following spells:

 Your Spells              Type           Power        Failure   Level  Hunger
a - Infusion              Chrm           ##..         6%          1    ##.....
b - Song of Slaying       Chrm           ##......     9%          2    ###....
c - Spectral Weapon       Hex/Chrm       #.......     38%         3    ####...
f - Shroud of Golubria    Chrm/Tloc      #.........   22%         2    ###....


Dungeon Overview and Level Annotations

Branches:
Dungeon (4/15)
 Temple: D:4-7

Altars:
Ashenzari
Beogh


Innate Abilities, Weirdness & Mutations

You have a beak for a mouth.
You have claws for feet.
You can fly.


Message History

An orc and 2 orc priests come into view.
The orc shouts!
The orc priest shouts!
The orc priest mumbles some strange prayers to Beogh against you.
Beogh smites you!
The orc priest mumbles some strange prayers to Beogh against you.
Beogh smites you!
The orc priest invokes the aid of Beogh against you.
Pain shoots through your body!
* * * LOW HITPOINT WARNING * * *
The orc priest calls down the wrath of Beogh upon you.
Beogh smites you!
* * * LOW HITPOINT WARNING * * *
Found 19 gold pieces.
Found a roughly hewn altar of Beogh.
An orc wizard comes into view. It is wielding a dagger of draining.
You close the door.
As you read the scroll labeled LATOAW UKETYS, it crumbles to dust.
You feel strangely unstable.
It was a scroll of teleportation.
An orc opens the door.
The orc priest hits you from afar with a trident.
You die...

#.....)..... #...........
############...........
#............)..##+####
######...............+..###
#....................##...##
#...........)........((...'.
#.....................#(..#.
######.....@..........#...#.
#....##'##......##..(#.
#...## oo##.....##...#.
#...# o8.#.....##...#. #...#
o.$#.....##...#. #...#
.8$#.....##...#. #####
_.#########...#. ### #...#.
#####.


You could see 2 orc priests, an orc wizard and an orc.

Vanquished Creatures
  2 ogres (D:4)
  Crazy Yiuf (D:3)
  Natasha (thrice) (D:2)
  Terence (D:2)
  An iguana (D:4)
  A worker ant (D:4)
  Robin (D:3)
  A howler monkey skeleton (D:4)
  3 adders
  2 oozes
  4 worms (D:2)
  2 dart slugs
  A leopard gecko (D:4)
  An orc (D:4)
  7 bats
  A giant cockroach (D:2)
  12 goblins
  7 hobgoblins
  4 kobolds
  4 quokkas
  3 frilled lizards
  6 rats
68 creatures vanquished.

Notes
Turn   | Place    | Note
-------+----------+-------------------------------------------
     0 | D:1      | mopl the Tengu Skald began the quest for the Orb.
     0 | D:1      | Reached XP level 1. HP: 12/12 MP: 4/4
   157 | D:1      | Reached XP level 2. HP: 17/17 MP: 6/6
   181 | D:1      | Reached skill level 3 in Long Blades
   192 | D:1      | Learned a level 2 spell: Song of Slaying
   195 | D:1      | Learned a level 2 spell: Shroud of Golubria
   669 | D:2      | Reached XP level 3. HP: 1/21 MP: 3/7
  1232 | D:2      | Found a shattered altar of Ashenzari.
  1424 | D:2      | Noticed Natasha
  1432 | D:2      | Killed Natasha
  1432 | D:2      | Reached skill level 4 in Long Blades
  1432 | D:2      | Reached skill level 3 in Charms
  1432 | D:2      | Reached XP level 4. HP: 3/26 MP: 6/8
  1723 | D:2      | Became a worshipper of Ashenzari the Shackled
  1724 | D:2      | Fell from the grace of Ashenzari
  1804 | D:2      | Noticed Natasha
  1809 | D:2      | Killed Natasha
  1812 | D:2      | Noticed Terence
  1820 | D:2      | Killed Terence
  1820 | D:2      | Gained mutation: You can fly. [Tengu growth]
  1820 | D:2      | Reached XP level 5. HP: 10/30 MP: 7/9
  2069 | D:2      | Noticed Natasha
  2078 | D:2      | Killed Natasha
  2078 | D:2      | Reached skill level 5 in Long Blades
  2885 | D:3      | Noticed Robin
  2893 | D:3      | Killed Robin
  2893 | D:3      | Was forgiven by Ashenzari
  2995 | D:3      | Found a runed door.
  3001 | D:3      | Noticed Crazy Yiuf
  3006 | D:3      | Killed Crazy Yiuf
  3006 | D:3      | Reached XP level 6. HP: 35/35 MP: 4/10
  3181 | D:4      | Learned a level 3 spell: Spectral Weapon
  3224 | D:4      | Reached skill level 6 in Long Blades
  3324 | D:4      | Reached skill level 4 in Charms
  3487 | D:4      | Reached XP level 7. HP: 40/40 MP: 8/11
  3511 | D:4      | Found a roughly hewn altar of Beogh.
  3511 | D:4      | HP: 1/40 [orc priest/divine providence (11)]
  3513 | D:4      | Slain by an orc priest

Skill      XL: |  1  2  3  4  5  6 |
---------------+-------------------+-----
Long Blades    | 3 4 5 6 |  6.8
Charms         | 3 4 |  4.2
Fighting       | |  2.0
Armour         | |  1.1
Dodging        | |  2.1
Spellcasting   | |  2.0

Action                   |  1- 3 |  4- 6 |  7- 9 || total
-------------------------+-------+-------+-------++-------
Melee: Falchion          |    77 |    99 |       ||   176
       Kick              |    19 |    21 |       ||    40
       Peck              |     9 |    25 |       ||    34
 Cast: Infusion          |     9 |    11 |       ||    20
       Shroud of Golubri |     1 |     2 |       ||     3
       Song of Slaying   |     1 |       |       ||     1
Invok: Renounce Religion |       |     1 |       ||     1
 Abil: Evoke Berserk Rag |       |     3 |       ||     3
  Use: Scroll            |       |     5 |     1 ||     6
 Stab: Distracted        |       |     1 |       ||     1
  Eat: Chunk             |     2 |     9 |     1 ||    12
Armor: Leather armour    |    21 |    24 |       ||    45
Dodge: Dodged            |    39 |    59 |       ||    98
       Rpst.: Falchion   |    16 |    14 |       ||    30
